 Dungeon Crawl Stone Soup version 0.29.1-1-gd02db6906a (webtiles) character file.

Game seed: 3313327264414238041

204 masschaos23 the Chopper (level 5, -5/47 HPs)
             Began as a Hill Orc Fighter on Sept 16, 2022.
             Slain by a gnoll
             ... wielding a +0 halberd
             ... led by a gnoll bouda
              (12 damage)
             ... on level 4 of the Dungeon.
             The game lasted 00:09:39 (3157 turns).

masschaos23 the Chopper (Hill Orc Fighter)          Turns: 3157, Time: 00:09:39

Health: -5/47      AC:  7    Str: 21    XL:     5   Next: 82%
Magic:  5/5        EV:  8    Int:  8    God:
Gold:   175        SH: 13    Dex: 10    Spells: 4/4 levels left

rFire   . . .      SeeInvis .   a - +0 war axe
rCold   . . .      Faith    .   l - +0 kite shield
rNeg    . . .      Spirit   .   b - +0 scale mail
rPois   .          Reflect  +   (no helmet)
rElec   .          Harm     .   (no cloak)
rCorr   .          Rampage  .   (no gloves)
Will    .....                   (no boots)
Stlth   ..........              n - amulet of reflection
HPRegen 0.15/turn               (no ring)
MPRegen 0.09/turn               (no ring)

@: no status effects
A: no striking features
a: no special abilities


You were on level 4 of the Dungeon.
You visited 1 branch of the dungeon, and saw 4 of its levels.

You collected 175 gold pieces.

Inventory:

Hand Weapons
 a - a +0 war axe (weapon)
 m - the +6 quarterstaff of Demonkind {distort, rPois Int-3 Stlth+}
   (You took it off a goblin on level 2 of the Dungeon)

   It warps and distorts space around it, and may blink, banish, or inflict
   extra damage upon those it strikes.
   Unwielding it can cause banishment or high damage.
   Int:       It affects your intelligence (-3).
   rPois:     It protects you from poison.
   Stlth:     It makes you more stealthy.
 t - a +0 vorpal hand axe
Armour
 b - a +0 scale mail (worn)
 c - a +0 buckler
 l - a +0 kite shield (worn)
Jewellery
 n - an amulet of reflection (around neck)
Wands
 u - a wand of flame (25)
 x - a wand of digging (6)
Scrolls
 f - a scroll of amnesia {unknown}
 h - 2 scrolls of enchant armour {unknown}
 i - a scroll of fog {unknown}
 j - a scroll of immolation {unknown}
 o - a scroll of blinking {unknown}
 q - a scroll of summoning {unknown}
 r - a scroll of magic mapping {unknown}
 v - a scroll of fear {unknown}
 w - a scroll of enchant weapon {unknown}
 y - a scroll of teleportation {unknown}
Potions
 d - 2 potions of might
 e - a potion of mutation {unknown}
 g - 2 potions of heal wounds
 k - 2 potions of haste {unknown}
 p - a potion of ambrosia {unknown}
 s - a potion of lignification {unknown}


   Skills:
 + Level 4.4 Fighting
 + Level 4.6 Axes
 + Level 4.2 Armour
 + Level 1.6 Dodging
 + Level 4.2 Shields


You had 4 spell levels left.
You didn't know any spells.
Your spell library contained the following spells:

 Spells                   Type           Power      Damage    Failure   Level
 Magic Dart               Conj           0%         1d3       98%         1
 Searing Ray              Conj           0%         2d4       99%         2
 Ignite Poison            Fire/Tmut/Pois 0%         N/A       100%        3
 Mephitic Cloud           Conj/Pois/Air  0%         N/A       100%        3
 Summon Guardian Golem    Hex/Summ       0%         N/A       100%        3
 Fulminant Prism          Conj/Hex       0%         3d6       100%        4
 Freezing Cloud           Conj/Ice/Air   0%         6-21      100%        5
 Orb of Destruction       Conj           0%         9d5       100%        7
 Spellforged Servitor     Conj/Summ      0%         N/A       100%        7


Dungeon Overview and Level Annotations

Branches:
Dungeon (4/15)
 Temple: D:4-7

Altars:

Shops:
D:2 (


Message History

* * * LOW HITPOINT WARNING * * *
It was a potion of heal wounds.
You feel much better. The gnoll bouda misses you. You block the gnoll's attack.
You closely miss the gnoll bouda.
The gnoll bouda is almost dead.
The gnoll bouda hits you with a +0 club!
The gnoll barely misses you.
You closely miss the gnoll bouda.
The gnoll bouda is almost dead.
The gnoll is no longer moving quickly.
The gnoll bouda prays to its god.
The gnoll bouda is healed somewhat.
You block the gnoll's attack.
The gnoll bouda calls upon its god to heal the gnoll.
The gnoll's wounds heal themselves!
You block the gnoll's attack.
You hit the gnoll bouda but do no damage.
The gnoll bouda is severely wounded.
You block the gnoll bouda's attack. The gnoll closely misses you.
You hit the gnoll bouda.
The gnoll bouda is severely wounded.
The gnoll bouda hits you with a +0 club.
You block the gnoll's attack.
The gnoll bouda barks out a call to the hunt!
The gnolls pick up the pace!
You hit the gnoll bouda.
You kill the gnoll bouda!
Your attacks no longer feel as feeble.
The gnoll barely misses you.
The gnoll hits you from afar with a +0 spear!
You block the gnoll's attack. x2
You see here 9 gold pieces.
You closely miss the gnoll.
The gnoll is no longer moving quickly.
The gnoll barely misses you. The gnoll hits you with a +0 spear.
* * * LOW HITPOINT WARNING * * *
The gnoll barely misses you.
You barely miss the gnoll. You hit the gnoll but do no damage.
You block the gnoll's attack. x2; The gnoll hits you with a +0 spear.
* * * LOW HITPOINT WARNING * * *
The gnoll hits you with a +0 halberd!
You die...

######### ...#
........##...#
..[..........#
.............# ######
.............#
......#.............#
.....########..g.#### ##
#..########.......####.
#....$@gg..............
##.##g##...............
#. #.##............... #.
..##...............
####.#####....[..........
..............)รท........
##..####........).......
.......#................
#.....#................


You could see 3 gnolls.

Vanquished Creatures
  A hound (D:4)
  A gnoll bouda (D:4)
  An iguana (D:4)
  2 adders
  2 ufetubi (D:4)
  2 dart slugs
  9 orcs
  5 endoplasms
  A giant cockroach (D:1)
  10 goblins
  8 hobgoblins
  2 jackals (D:1)
  5 quokkas
  5 ball pythons
  11 bats
  A frilled lizard (D:1)
  5 kobolds
  2 rats (D:1)
73 creatures vanquished.

Notes
Turn   | Place    | Note
-------+----------+-------------------------------------------
     0 | D:1      | masschaos23 the Hill Orc Fighter began the quest for the
                  | Orb.
     0 | D:1      | Reached XP level 1. HP: 19/19 MP: 1/1
   238 | D:1      | Reached XP level 2. HP: 27/27 MP: 2/2
   478 | D:1      | Reached XP level 3. HP: 33/33 MP: 3/3
  1001 | D:2      | Identified the +6 quarterstaff of Demonkind {distort, rPois
                  | Int-3 Stlth+}
  1060 | D:2      | Found Focail's Weapon Shoppe.
  1773 | D:3      | Reached XP level 4. HP: 31/40 MP: 4/4
  1824 | D:3      | Found a faded altar of an unknown god.
  2805 | D:4      | Reached skill level 1 in Dodging
  2805 | D:4      | Reached XP level 5. HP: 15/47 MP: 5/5
  3157 | D:4      | Slain by a gnoll

Illustrated notes

Levels and vault maps discovered:
D:1:      dpeg_arrival_line_fractal, layout_rooms
D:2:      layout_loops_ring, serial_shops, nicolae_shop_hallway_stairs
D:3:      layout_basic, basic_ecumenical_altar, kennysheep_generic_room_12
D:4:      layout_basic, uniq_natasha

Skill      XL: |  1  2  3  4 |
---------------+-------------+-----
Axes           | 3 4 |  4.6
Fighting       | 4 |  4.4
Armour         | 4 |  4.2
Dodging        | 1 |  1.6
Shields        | 4 |  4.2

Action                   |  1- 3 |  4- 6 || total
-------------------------+-------+-------++-------
Melee: War axe           |   110 |    75 ||   185
  Use: Potion            |       |     1 ||     1
Armor: Scale mail        |    52 |    53 ||   105
Dodge: Dodged            |    60 |    48 ||   108
Block: Buckler           |    27 |    10 ||    37
       Kite shield       |       |    91 ||    91
       Reflection        |       |     3 ||     3
